3AAA
KEY WEST CORAL REEFERS @ AUGUSTA TIMBER HAWKS
08/17/2034
 
TOP OF THE 1ST
Key West Coral Reefers batting - Pitching for Augusta Timber Hawks : RHP Keith Cochrane
Pitching: RHP Keith Cochrane
Batting: RHB Miguel Montoya 0-0: Ball
1-0: Called Strike
1-1: Foul Ball, location: 2F
1-2: Ball
2-2: Strikes out swinging
Batting: RHB Craig Tricket 0-0: Called Strike
0-1: Ball
1-1: Ball
2-1: Foul Ball, location: 2F
2-2: Strikes out looking
Batting: RHB Arturo Scantlebury 0-0: Ball
1-0: Foul Ball, location: 2F
1-1: Ball
2-1: Ground out 5-3 (Groundball, 56)
Top of the 1st over - 0 runs, 0 hits, 0 errors, 0 left on base; Key West 0 - Augusta 0
BOTTOM OF THE 1ST
Augusta Timber Hawks batting - Pitching for Key West Coral Reefers : RHP Ernesto López
Pitching: RHP Ernesto López
Batting: LHB Carlos Medellín 0-0: Ball
1-0: Ball
2-0: Called Strike
2-1: Called Strike
2-2: Ground out 4-3 (Groundball, 4M)
Batting: RHB Jaime Cruz 0-0: Ball
1-0: Foul Ball, location: 2F
1-1: Ground out 5-3 (Groundball, 56)
Batting: RHB Krystof Melichar 0-0: Fly out, F7 (Flyball, 7LM)
Bottom of the 1st over - 0 runs, 0 hits, 0 errors, 0 left on base; Key West 0 - Augusta 0
TOP OF THE 2ND
Key West Coral Reefers batting - Pitching for Augusta Timber Hawks : RHP Keith Cochrane
Batting: RHB Yoshihiro Iwasaki 0-0: Swinging Strike
0-1: Foul Ball, location: 2F
0-2: Ball
1-2: Ball
2-2: Ground out 3-1 (Groundball, 34)
Batting: LHB Edgar Castaneda 0-0: Ball
1-0: Called Strike
1-1: Ground out 3-1 (Groundball, 23)
Batting: RHB Tae-gyoon Ch'oe 0-0: Ball
1-0: Swinging Strike
1-1: Called Strike
1-2: DOUBLE (Flyball, 8LXD)
Batting: RHB Ken Moore 0-0: Foul Ball, location: 2F
0-1: Fly out, F7 (Flyball, 78M)
Top of the 2nd over - 0 runs, 1 hit, 0 errors, 1 left on base; Key West 0 - Augusta 0
BOTTOM OF THE 2ND
Augusta Timber Hawks batting - Pitching for Key West Coral Reefers : RHP Ernesto López
Batting: RHB Norm Chodorow 0-0: Swinging Strike
0-1: Ball
1-1: Ball
2-1: Ground out 6-3 (Groundball, 6)
Batting: RHB Jesús Recesvinto 0-0: SINGLE (Groundball, 6MD)
Batting: RHB Uchino Akahito 0-0: Ball
1-0: Ball
2-0: Called Strike
2-1: Foul Ball, location: 2F
2-2: Foul Ball, location: 2F
2-2: Ball
3-2: Fly out, F3 (Popup, 3SF)
Batting: LHB Randy Sallah 0-0: Swinging Strike
0-1: Ball
1-1: Ball
2-1: Foul Ball, location: 2F
2-2: Ground out 4-3 (Groundball, 4D)
Bottom of the 2nd over - 0 runs, 1 hit, 0 errors, 1 left on base; Key West 0 - Augusta 0
TOP OF THE 3RD
Key West Coral Reefers batting - Pitching for Augusta Timber Hawks : RHP Keith Cochrane
Batting: LHB Edward Woodstock 0-0: Called Strike
0-1: Ball
1-1: Swinging Strike
1-2: Foul Ball, location: 2F
1-2: Foul Ball, location: 2F
1-2: Ball
2-2: Foul Ball, location: 2F
2-2: Strikes out swinging
Batting: RHB Jarred Cobb 0-0: Ball
1-0: Foul Ball, location: 2F
1-1: Ball
2-1: Foul Ball, location: 2F
2-2: Ball
3-2: Strikes out swinging
Batting: RHB Miguel Montoya 0-0: SINGLE (Groundball, 6) (infield hit)
Batting: RHB Craig Tricket 0-0: Ball
1-0: Called Strike
1-1: SINGLE (Groundball, 6MS) (infield hit)
Miguel Montoya to second
Batting: RHB Arturo Scantlebury 0-0: Ball
1-0: Ball
2-0: Swinging Strike
2-1: Foul Ball, location: 2F
2-2: SINGLE (Line Drive, 78M)
Miguel Montoya to third
Craig Tricket to second
Runner from 3rd tries for Home, SAFE, throw made home
Batting: RHB Yoshihiro Iwasaki 0-0: Called Strike
0-1: Called Strike
0-2: Strikes out looking
Top of the 3rd over - 1 run, 3 hits, 0 errors, 2 left on base; Key West 1 - Augusta 0
BOTTOM OF THE 3RD
Augusta Timber Hawks batting - Pitching for Key West Coral Reefers : RHP Ernesto López
Batting: LHB Damian Delaney 0-0: Foul Ball, location: 2F
0-1: Called Strike
0-2: Strikes out swinging
Batting: RHB Dave Yates 0-0: Ball
1-0: Ball
2-0: Ball
3-0: Called Strike
3-1: Foul Ball, location: 2F
3-2: SINGLE (Groundball, 56D)
Batting: LHB Carlos Medellín 0-0: Ball
1-0: Called Strike
1-1: Swinging Strike
1-2: Strikes out swinging
Dave Yates steals 2nd base
Batter strikes out.
Batting: RHB Jaime Cruz 0-0: Called Strike
0-1: Ground out 6-3 (Groundball, 6)
Bottom of the 3rd over - 0 runs, 1 hit, 0 errors, 1 left on base; Key West 1 - Augusta 0
TOP OF THE 4TH
Key West Coral Reefers batting - Pitching for Augusta Timber Hawks : RHP Keith Cochrane
Batting: LHB Edgar Castaneda 0-0: Ball
1-0: Foul Ball, location: 2F
1-1: Ground out 4-3 (Groundball, 4)
Batting: RHB Tae-gyoon Ch'oe 0-0: Swinging Strike
0-1: Ball
1-1: Foul Ball, location: 2F
1-2: Fly out, F8 (Line Drive, 78D)
Batting: RHB Ken Moore 0-0: Ball
1-0: Called Strike
1-1: Called Strike
1-2: Strikes out swinging
Top of the 4th over - 0 runs, 0 hits, 0 errors, 0 left on base; Key West 1 - Augusta 0
BOTTOM OF THE 4TH
Augusta Timber Hawks batting - Pitching for Key West Coral Reefers : RHP Ernesto López
Batting: RHB Krystof Melichar 0-0: Ball
1-0: Swinging Strike
1-1: DOUBLE (Groundball, 5L)
Batting: RHB Norm Chodorow 0-0: Ball
1-0: Foul Ball, location: 2F
1-1: Fly out, F7 (Flyball, 7S)
Batting: RHB Jesús Recesvinto 0-0: Ball
1-0: Foul Ball, location: 2F
1-1: Swinging Strike
1-2: Ground out 1-3 (Groundball, 13)
Krystof Melichar to third
Batting: RHB Uchino Akahito 0-0: Called Strike
0-1: Ball
1-1: Fly out, F7 (Flyball, 78M)
Bottom of the 4th over - 0 runs, 1 hit, 0 errors, 1 left on base; Key West 1 - Augusta 0
TOP OF THE 5TH
Key West Coral Reefers batting - Pitching for Augusta Timber Hawks : RHP Keith Cochrane
Batting: LHB Edward Woodstock 0-0: Ball
1-0: Ball
2-0: Ball
3-0: Called Strike
3-1: Base on Balls
Batting: RHB Jarred Cobb 0-0: Ball
1-0: Foul Ball, location: 2F
1-1: Ball
2-1: Fly out, F8 (Flyball, 8LS)
Batting: RHB Miguel Montoya 0-0: Called Strike
0-1: Ball
1-1: Ball
2-1: Ball
3-1: Called Strike
3-2: Base on Balls
Edward Woodstock to second
Batting: RHB Craig Tricket 0-0: Ball
Edward Woodstock steals 3rd base
Miguel Montoya to second
1-0: Called Strike
1-1: Fly out, F7 (Flyball, 78M)
Runner from 3rd tags up, OUT at HOME
Top of the 5th over - 0 runs, 0 hits, 0 errors, 1 left on base; Key West 1 - Augusta 0
BOTTOM OF THE 5TH
Augusta Timber Hawks batting - Pitching for Key West Coral Reefers : RHP Ernesto López
Batting: LHB Randy Sallah 0-0: Foul Ball, location: 2F
0-1: Ball
1-1: Ground out 4-3 (Groundball, 4)
Batting: LHB Damian Delaney 0-0: Ball
1-0: Ball
2-0: Ball
3-0: Base on Balls
Batting: RHB Dave Yates 0-0: Ball
1-0: Ball
2-0: Ball
3-0: Called Strike
3-1: Base on Balls
Damian Delaney to second
Batting: LHB Carlos Medellín 0-0: Ball
1-0: Ball
2-0: Foul Ball, location: 2F
2-1: Foul Ball, location: 2F
2-2: Fielders Choice at 2nd, 6-4 (Groundball, 6)
Damian Delaney to third
Batting: RHB Jaime Cruz 0-0: Ball
1-0: Fielders Choice at 2nd, 6-4 (Groundball, 6)
Bottom of the 5th over - 0 runs, 0 hits, 0 errors, 2 left on base; Key West 1 - Augusta 0
TOP OF THE 6TH
Key West Coral Reefers batting - Pitching for Augusta Timber Hawks : RHP Keith Cochrane
Batting: RHB Arturo Scantlebury 0-0: Ground out 3-1 (Groundball, 34S)
Batting: RHB Yoshihiro Iwasaki 0-0: SINGLE (Groundball, 56D)
Batting: LHB Edgar Castaneda 0-0: Ball
1-0: Fly out, F9 (Flyball, 9D)
Batting: RHB Tae-gyoon Ch'oe 0-0: Swinging Strike
0-1: Ball
1-1: Swinging Strike
1-2: Strikes out swinging
Top of the 6th over - 0 runs, 1 hit, 0 errors, 1 left on base; Key West 1 - Augusta 0
BOTTOM OF THE 6TH
Augusta Timber Hawks batting - Pitching for Key West Coral Reefers : RHP Ernesto López
Batting: RHB Krystof Melichar 0-0: Swinging Strike
0-1: Ball
1-1: Fly out, F9 (Flyball, 89S)
Batting: RHB Norm Chodorow 0-0: Ball
1-0: Foul Ball, location: 2F
1-1: Foul Ball, location: 2F
1-2: Strikes out swinging
Batting: RHB Jesús Recesvinto 0-0: Ball
1-0: Called Strike
1-1: Swinging Strike
1-2: Ball
2-2: Foul Ball, location: 2F
2-2: Foul Ball, location: 2F
2-2: Ball
3-2: Foul Ball, location: 2F
3-2: SINGLE (Groundball, 6MS) (infield hit)
Batting: RHB Uchino Akahito 0-0: Called Strike
0-1: Ground out 4-3 (Groundball, 4)
Bottom of the 6th over - 0 runs, 1 hit, 0 errors, 1 left on base; Key West 1 - Augusta 0
TOP OF THE 7TH
Key West Coral Reefers batting - Pitching for Augusta Timber Hawks : RHP Keith Cochrane
Pitching: RHP Omara Moctar
Batting: RHB Ken Moore 0-0: Swinging Strike
0-1: Ball
1-1: Foul Ball, location: 2F
1-2: Ball
2-2: Ball
3-2: SINGLE (Groundball, 56D)
Batting: LHB Edward Woodstock 0-0: Sac Bunt - play at first, batter OUT! 5-4
Ken Moore to second
Batting: RHB Jarred Cobb 0-0: Called Strike
0-1: SINGLE (Groundball, 15S) (infield hit)
Ken Moore to third
Pinch Hitting: SHB Juan Carlos Santos 0-0: Swinging Strike
0-1: Ball
1-1: Called Strike
1-2: Strikes out swinging
Batting: RHB Craig Tricket 0-0: Called Strike
0-1: Ball
1-1: Called Strike
1-2: Ball
2-2: Ground out 4-3 (Groundball, 4MD)
Top of the 7th over - 0 runs, 2 hits, 0 errors, 2 left on base; Key West 1 - Augusta 0
BOTTOM OF THE 7TH
Augusta Timber Hawks batting - Pitching for Key West Coral Reefers : RHP Ernesto López
Now in LF: Juan Carlos Santos
Batting: LHB Randy Sallah 0-0: Ball
1-0: SOLO HOME RUN (Flyball, 9LD), Distance : 349 ft
Batting: LHB Damian Delaney 0-0: Swinging Strike
0-1: Swinging Strike
0-2: Strikes out swinging
Batting: RHB Dave Yates 0-0: Ball
1-0: Called Strike
1-1: Foul Ball, location: 2F
1-2: Foul Ball, location: 2F
1-2: Ball
2-2: Fly out, F4 (Line Drive, 4MD)
Pitching: RHP Dave Haynes
Batting: LHB Carlos Medellín 0-0: Ground out U3 (Groundball, 3)
Bottom of the 7th over - 1 run, 1 hit, 0 errors, 0 left on base; Key West 1 - Augusta 1
TOP OF THE 8TH
Key West Coral Reefers batting - Pitching for Augusta Timber Hawks : RHP Omara Moctar
Batting: RHB Arturo Scantlebury 0-0: Foul Ball, location: 2F
0-1: Ball
1-1: Swinging Strike
1-2: Ball
2-2: Foul Ball, location: 2F
2-2: Foul Ball, location: 2F
2-2: Hit by Pitch
Batting: RHB Yoshihiro Iwasaki 0-0: Ball
1-0: Swinging Strike
1-1: Called Strike
1-2: Strikes out looking
Batting: LHB Edgar Castaneda 0-0: Ball
1-0: Foul Ball, location: 2F
1-1: Swinging Strike
Arturo Scantlebury steals 2nd base
1-2: Strikes out swinging
Batting: RHB Tae-gyoon Ch'oe 0-0: Ball
1-0: Called Strike
1-1: Swinging Strike
1-2: Ball
2-2: Fly out, F9 (Flyball, 9)
Top of the 8th over - 0 runs, 0 hits, 0 errors, 1 left on base; Key West 1 - Augusta 1
BOTTOM OF THE 8TH
Augusta Timber Hawks batting - Pitching for Key West Coral Reefers : RHP Dave Haynes
Batting: RHB Jaime Cruz 0-0: Ball
1-0: Fly out, F9 (Flyball, 89S)
Batting: RHB Krystof Melichar 0-0: SINGLE (Line Drive, 78S)
Batting: RHB Norm Chodorow 0-0: Ball
Krystof Melichar steals 2nd base
1-0: Intentional Walk
Batting: RHB Jesús Recesvinto 0-0: Ground out 5-3 (Groundball, 56S)
Krystof Melichar to third
Norm Chodorow to second
Batting: RHB Uchino Akahito 0-0: Called Strike
0-1: SINGLE (Groundball, 6D)
Krystof Melichar scores
Norm Chodorow to third
Runner from 3rd tries for Home, SAFE, throw made home
Batting: LHB Randy Sallah 0-0: Swinging Strike
0-1: Foul Ball, location: 2F
0-2: Foul Ball, location: 2F
0-2: Ball
1-2: Strikes out swinging
Bottom of the 8th over - 2 runs, 2 hits, 0 errors, 1 left on base; Key West 1 - Augusta 3
TOP OF THE 9TH
Key West Coral Reefers batting - Pitching for Augusta Timber Hawks : RHP Omara Moctar
Pitching: RHP Gus Osborne
Batting: RHB Ken Moore 0-0: Ground out 4-3 (Groundball, 4)
Batting: LHB Edward Woodstock 0-0: Ball
1-0: Ball
2-0: Ball
3-0: Called Strike
3-1: Base on Balls
Batting: RHB Jarred Cobb 0-0: Called Strike
0-1: Swinging Strike
0-2: Ball
1-2: Ball
2-2: Foul Ball, location: 2F
Balk!
Edward Woodstock to second
2-2: Fly out, F9 (Flyball, 9)
Batting: SHB Juan Carlos Santos 0-0: Swinging Strike
0-1: Ball
1-1: Swinging Strike
1-2: Fly out, F7 (Flyball, 78M)
Top of the 9th over - 0 runs, 0 hits, 0 errors, 1 left on base; Key West 1 - Augusta 3
Friday, March 29th, 2019 - OOTP Baseball 18.8 Build 76